 Dungeon Crawl Stone Soup version 0.18-a0-455-gc7d4c65 (console) character file.

107 bli the Magician (level 4, -2/33 HPs)
             Began as a Merfolk Wizard on Dec 1, 2015.
             Slain by Crishpax's ghost (5 damage)
             ... on level 3 of the Dungeon.
             The game lasted 00:09:36 (2631 turns).

bli the Magician (Merfolk Wizard)                   Turns: 2631, Time: 00:09:36

Health: -2/33      AC:  2    Str:  7    XL:     4   Next: 86%
Magic:  4/9        EV: 13    Int: 17    God:
Gold:   69         SH:  0    Dex: 13    Spells: 2 memorised, 6 levels left

rFire  . . .     SeeInvis .     a - +0 spear
rCold  . . .     Clarity  .     k - +0 robe
rNeg   . . .     SustAt   .     (no shield)
rPois  .         Gourm    .     f - +0 hat
rElec  .         Spirit   .     (no cloak)
rCorr  .         Dsmss    .     (no gloves)
rMut   .         Stasis   .     (no boots)
MR     .....                    (no amulet)
Stlth  ++........               (no ring)
                                (no ring)

@: flying, not resistant to hostile enchantments, unstealthy
A: change form in water, swift swim
a: no special abilities


You were on level 3 of the Dungeon.
You were not hungry.

You visited 1 branch of the dungeon, and saw 3 of its levels.

You collected 69 gold pieces.

Inventory:

Hand Weapons
 a - a +0 spear (weapon)
 b - a +0 mace of venom
 p - a +0 spear
 s - a +2 dagger of venom
Missiles
 e - 72 stones (quivered)
Armour
 f - a +0 hat (worn)
 k - a +0 robe (worn)
Scrolls
 g - a scroll of enchant weapon {unknown}
 m - a scroll of fear {unknown}
 n - 2 scrolls of blinking {unknown}
Potions
 i - a potion of flight
 j - a potion of heal wounds {unknown}
 o - a potion of ambrosia {unknown}
 q - 2 potions of brilliance {unknown}
Books
 c - a book of Minor Magic

   Spells                             Type                      Level
   a - Magic Dart                     Conjuration                  1
   b - Blink                          Translocation                2
   c - Call Imp                       Summoning                    2
   d - Repel Missiles                 Charms/Air                   2
   e - Slow                           Hexes                        2
   f - Conjure Flame                  Conjuration/Fire             3
   g - Mephitic Cloud                 Conjuration/Poison/Air       3
Comestibles
 d - a bread ration
 l - 4 fruits
 r - 4 chunks of flesh


   Skills:
 * Level 1.6 Fighting
 + Level 1.1 Polearms
 + Level 3.7 Dodging
 + Level 2.3 Stealth
 * Level 3.9 Spellcasting
 + Level 1.3 Conjurations
   Level 1.0 Summonings
   Level 0.7 Translocations


You had 6 spell levels left.
You knew the following spells:

 Your Spells              Type           Power        Failure   Level  Hunger
a - Magic Dart            Conj           #...         12%         1    None
c - Mephitic Cloud        Conj/Pois/Air  #.......     47%         3    ###....


Dungeon Overview and Level Annotations

Branches:
Dungeon (3/15)

Altars:

Annotations:
D:3 Crishpax's ghost, weakling DEWz


Message History

The kobold hits you.
Casting: Magic Dart
Confirm with . or Enter, or press ? or * to list all spells.
Aiming: Magic Dart
Press: ? - help, Shift-Dir - straight line, f/p - Crishpax's ghost
Aim: Crishpax's ghost, wielding a vorpal weapon (severely damaged, repelling missiles)
The magic dart hits Crishpax's ghost.
Crishpax's ghost is severely damaged.
The hobgoblin closely misses you. Crishpax's ghost hits you!
The kobold barely misses you. The kobold hits you.
* * * LOW HITPOINT WARNING * * *
The orc hits you with a club.
* * * LOW HITPOINT WARNING * * *
Drink which item? (? for menu, Esc to quit)
It was a potion of flight.
You feel very buoyant.
You fly up into the air.
The hobgoblin hits you.
* * * LOW HITPOINT WARNING * * *
Crishpax's ghost hits you.
You die...

...# .. ...# #.
...# . . #h ...
.[ .. ##.###..#
...
...#.......#...#
........K.#....#
.......K@o...#
.......§Wg..##
.........>.##
...........#
......?....#
..........##
##..#......
#..........
...........#


You could see Crishpax's ghost, an orc, a jackal (wandering), a hobgoblin and 2
kobolds.

Vanquished Creatures
  4 adders (D:2)
  2 worms (D:2)
  3 giant geckos (D:1)
  3 giant cockroaches
  6 hobgoblins
  8 jackals
  2 quokkas (D:2)
  8 bats
  A giant newt (D:1)
  9 goblins
  7 kobolds
  9 rats
62 creatures vanquished.

Notes
Turn   | Place    | Note
--------------------------------------------------------------
     0 | D:1      | bli the Merfolk Wizard began the quest for the Orb.
     0 | D:1      | Reached XP level 1. HP: 13/13 MP: 4/4
   316 | D:1      | Reached XP level 2. HP: 12/20 MP: 0/6
   809 | D:1      | Reached skill level 1 in Fighting
  1035 | D:1      | Reached XP level 3. HP: 26/26 MP: 3/7
  1413 | D:2      | Reached skill level 1 in Conjurations
  1421 | D:2      | Learned a level 3 spell: Mephitic Cloud
  1596 | D:2      | Reached XP level 4. HP: 11/32 MP: 4/9
  2044 | D:2      | Reached skill level 1 in Polearms
  2614 | D:3      | Noticed Crishpax's ghost (weakling DEWz)
  2631 | D:3      | Slain by Crishpax's ghost

Vault maps used:
D:1:      dpeg_arrival_prison, patterned_corridor
D:2:      minivault_25
D:3:      first_bread

Action                   |  1- 3 |  4- 6 || total
-------------------------+-------+-------++-------
Melee: Unarmed           |    48 |       ||    48
       Mace              |    32 |    13 ||    45
       Spear             |    29 |    20 ||    49
 Cast: Magic Dart        |    75 |    51 ||   126
  Use: Potion            |       |     3 ||     3
 Stab: Sleeping          |     1 |       ||     1
  Eat: Chunk             |     2 |     3 ||     5
